woodfighter, chaotic female human Barbarian ----- --------- |<..--- ------.......-- ------- --------------- |.....---|.........--..| |.....| ------ |.............| --..|..[.|.---------|..| |.(_..| >....| --+---+--.----+| --.|-.....---- ---- |..%..| ------ -....|--- |..|...|-.|.-..| --|.........|--- ----- ---|--- |.)%.| ---..|..---|..|--.-..--|..| ----.|....|..----...-- |.| |..|.| ---.-....@-.--........--|| -----..|....|.....---- |.| |..|.|-----......--.@&.............| ------ |..|.............---.-- ---|.-..||.......-|.@--------|--..-- |%%.%| --......---...........----- |.|..||...{....|--|.........|..-- |.).?| |...)....|...|...........---|.|..|--.......| |!.)%!=[%+|...| ---|--------....-------...---......-|.|------....--- -----------...| ------.---...-|...-|..|..|-.).|..---...|.--..|...|....|------ |.......-- |..|-.........|..--|..|..|--.....|-....|........---...-|..((| |.------- |..-...............-|---|-----..-|.[........--....|-...-..((| |.|...-. -----.....{....----............%..|...`.......|-...|...-|.((=| |.|...| |..............-- |-|--.---------.........--..|........|------ |.--|------- ||-----.........| |..[|.|.(.(| --.......- ---|...|....|--------.....|....| |...| --..------- |...|.-.(((| ---...--- --..|...--......|...{..)..-.| |...| ---- ------|.(((| ----- -----.....----........|..|(| ----- ------ ------- --------------- woodfighter the Bandit Experience level: 7 Strength: 18/01 Dexterity: 17 Constitution: 18 Intelligence: 10 Wisdom: 8 Charisma: 6 Health: 0(63) Energy: 17(17) Def: 11 Gold: 888 Moves: 2821 Dungeon seed: nSrMdSZUbNtCYTZm Game ID: woodfighter_1445684813 Your Inventory: Coins $ - 888 gold pieces Weapons a - a +0 battle-axe (weapon in hands) b - 8 +0 daggers (in quiver) Armor o - an uncursed +1 pair of iron shoes (being worn) r - a blessed +1 orcish helm (being worn) v - an uncursed +0 dwarvish mithril-coat (being worn) x - a blessed +0 dwarvish cloak (being worn) Comestibles c - an uncursed partly eaten food ration f - an uncursed fortune cookie A - 2 uncursed tripe rations Rings K - an uncursed ring of conflict Wands k - a wand of striking (0:7) P - a wand of nothing (0:6) Tools s - an uncursed bag of holding Q - an uncursed skeleton key U - an uncursed stethoscope V - a cursed magic lamp W - a blessed oil lamp (0:1106) Gems n - an uncursed jasper stone q - an uncursed touchstone y - an uncursed worthless piece of white glass z - an uncursed flint stone Contents of the bag of holding: a +0 pick-axe Spells and supernatural/magical abilities: Name Level Category Fail Memory W - pray for help -- divine ? -- Your skills at the end: Miscellaneous Skills bare handed combat [Basic] Weapon Skills axe [Skilled] short sword [Basic] Spellcasting Skills Final Attributes: You were piously aligned. You were poison resistant. You were fast. You are dead. Vanquished creatures: 2 small mimics a giant beetle a spotted jelly a gnome king a dwarf mummy a gold golem 2 dogs a blue jelly 6 gnome lords 3 gnomish wizards 2 kittens 6 dwarves 3 rothes 2 rabid rats a monkey 2 orc zombies a hobbit 4 geckos 3 cave spiders a brown mold 15 gnomes 3 jackals a kobold 4 newts 3 goblins 3 sewer rats 3 grid bugs a lichen a kobold zombie 78 creatures vanquished. Voluntary challenges: You used a wielded weapon 101 times, starting on turn 2. You did not apply a unicorn horn. You read items or engraved 4 times, starting on turn 1421. You never genocided any monsters. You never polymorphed an object. You never changed form. You used no wishes. You never split a pudding. You never wrote Elbereth's name. You never violated your personal moral code. Dungeon overview: The Dungeons of Doom: levels 1 to 3 Level 1 a fountain a long staircase Level 2 a fountain stairs to The Gnomish Mines Level 3 The Gnomish Mines: levels 3 to 6 Level 3 stairs to The Dungeons of Doom Level 5 Level 6 <- You were here many shops, a temple to Mitra, a magic chest, some fountains History has recorded: On T:1 you entered the Dungeons of Doom to retrieve the Amulet of Yendor! On T:26 you reached level 2 of The Dungeons of Doom. On T:439 you advanced to experience level 2. On T:535 you reached level 3 of The Dungeons of Doom. On T:665 you reached level 1 of The Gnomish Mines. On T:721 you advanced to experience level 3. On T:823 you reached level 3 of The Gnomish Mines. On T:858 you advanced to experience level 4. On T:1093 you advanced to experience level 5. On T:1131 you reached level 4 of The Gnomish Mines. On T:1345 you entered the Minetown temple On T:1420 you opened a magic chest. On T:1424 you opened a magic chest. On T:1429 you opened a magic chest. On T:1776 you advanced to experience level 6. On T:2648 you advanced to experience level 7. On T:2720 you opened a magic chest. On T:2722 you opened a magic chest. On T:2730 you opened a magic chest. Score breakdown: Gold: 888 ( 88 points) Experience: 7 levels ( 600 points) Exploration: 6 levels ( 150 points) Discoveries: 8 items ( 400 points) Variety of kills: 29 monsters ( 1450 points) Major goal: reached Minetown ( 500 points) Survival: died (score multiplied by 3) Total score: 9564 Latest messages: You sold an uncursed +0 ring mail for 50 gold pieces. You drop an uncursed +0 dwarvish mithril-coat. You sold an uncursed +0 dwarvish mithril-coat for 120 gold pieces. You cannot drop something you are wearing. You drop an uncursed +0 dwarvish cloak. You sold an uncursed +0 dwarvish cloak for 25 gold pieces. You drop an uncursed +0 dwarvish iron helm. You sold an uncursed +0 dwarvish iron helm for 10 gold pieces. You cannot drop something you are wearing. You drop an uncursed +0 pair of iron shoes. You sold an uncursed +0 pair of iron shoes for 8 gold pieces. You cannot drop something you are wearing. You drop an uncursed +0 dwarvish cloak. You sold an uncursed +0 dwarvish cloak for 25 gold pieces. You drop an uncursed +0 dwarvish cloak. You sold an uncursed +0 dwarvish cloak for 25 gold pieces. Your movements are now unencumbered. You swing your battle-axe in a wide arc. You smite the djinni! The djinni punches you! You die... Final status: Goodbye woodfighter the Barbarian, killed by a djinni... You died in The Gnomish Mines on dungeon level 6 with 9564 points, and 888 pieces of gold, after 2821 moves. You were level 7 with a maximum of 63 hit points when you died.